 Dungeon Crawl Stone Soup version 0.29.0-5-ge4962eb29e (webtiles) character file.

Game seed: 6916657522797863073

5331 Swippen the Blocker (level 10, -2/82 HPs)
             Began as a Gnoll Fighter on Aug 28, 2022.
             Was an Elder of Okawaru.
             Slain by a gargoyle
             ... wielding a +0 flail
              (19 damage)
             ... on level 8 of the Dungeon.
             The game lasted 00:26:31 (9520 turns).

Swippen the Blocker (Gnoll Fighter)                 Turns: 9520, Time: 00:26:31

Health: -2/82      AC: 12    Str: 26    XL:     10   Next: 64%
Magic:  18/18      EV: 13    Int:  7    God:    Okawaru [****..]
Gold:   190        SH:  6    Dex: 12    Spells: 18/20 levels left

rFire   . . .      SeeInvis .   n - +2 whip (elec)
rCold   . . .      Faith    .   c - +0 buckler
rNeg    . . .      Spirit   .   b - +3 ring mail
rPois   .          Reflect  .   o - +0 helmet
rElec   .          Harm     .   (no cloak)
rCorr   +          Rampage  .   H - +0 pair of gloves {Stlth+}
Will    .....                   (no boots)
Stlth   +++.......              F - amulet of magic regeneration
HPRegen 0.23/turn               f - ring of resist corrosion
MPRegen 0.56/turn               G - +6 ring of strength

@: no status effects
A: fangs 1, strong nose, distributed training
a: Renounce Religion, Heroism, Finesse


You were on level 8 of the Dungeon.
You worshipped Okawaru.
Okawaru was greatly pleased with you.
You visited 2 branches of the dungeon, and saw 9 of its levels.
You also visited: Sewer.

You collected 427 gold pieces.
You spent 237 gold pieces at shops.

Inventory:

Hand Weapons
 a - a +0 war axe
 n - a +2 whip of electrocution (weapon)
 r - a +0 flail of protection
Missiles
 g - 17 poisoned darts (quivered)
 h - 8 boomerangs
 I - 6 silver boomerangs
Armour
 b - a +3 ring mail (worn)
 c - a +0 buckler (worn)
 o - a +0 helmet (worn)
 H - a +0 pair of gloves of stealth (worn)
Jewellery
 f - a ring of resist corrosion (left hand)
 A - a ring of magical power
 F - an amulet of magic regeneration (around neck)
 G - a +6 ring of strength (right hand)
Wands
 B - a wand of roots (7)
 K - a wand of flame (15)
 M - a wand of paralysis (3)
Scrolls
 i - a scroll of teleportation {unknown}
 j - 2 scrolls of butterflies {unknown}
 l - a scroll of summoning
 m - a scroll of magic mapping {unknown}
 s - 3 scrolls of vulnerability {unknown}
 t - 2 scrolls of silence {unknown}
 u - 2 scrolls of enchant armour {unknown}
 v - 3 scrolls of poison
 w - 2 scrolls of noise {unknown}
 y - 2 scrolls of immolation {unknown}
 C - 2 scrolls of blinking {unknown}
 D - 2 scrolls of fear {unknown}
 E - a scroll of amnesia {unknown}
 L - 2 scrolls of torment {unknown}
Potions
 d - a potion of lignification
 e - a potion of ambrosia
 p - 6 potions of flight
 q - 2 potions of invisibility
 x - 4 potions of brilliance
 z - 2 potions of resistance
 J - 2 potions of mutation
 O - a potion of attraction
 P - a potion of cancellation


   Skills:
 + Level 8.8 Fighting
 + Level 5.7 Short Blades
 + Level 5.7 Long Blades
 + Level 7.4 Axes
 + Level 5.7 Maces & Flails
 + Level 5.7 Polearms
 + Level 5.7 Staves
 + Level 5.7 Ranged Weapons
 + Level 5.7 Throwing
 + Level 8.8 Armour
 + Level 5.7 Dodging
 + Level 5.7 Stealth
 + Level 8.8 Shields
 + Level 5.7 Unarmed Combat
 + Level 5.7 Spellcasting
 + Level 4.7 Conjurations
 + Level 4.7 Hexes
 + Level 4.7 Summonings
 + Level 4.7 Necromancy
 + Level 4.7 Translocations
 + Level 4.7 Transmutations
 + Level 4.7 Fire Magic
 + Level 4.7 Ice Magic
 + Level 4.7 Air Magic
 + Level 4.7 Earth Magic
 + Level 4.7 Poison Magic
 + Level 6.2 Invocations
 + Level 5.7 Evocations


You had 18 spell levels left.
You knew the following spells:

 Your Spells              Type           Power      Damage    Failure   Level
a - Blink                 Tloc           16%        N/A       10%         2

Your spell library contained the following spells:

 Spells                   Type           Power      Damage    Failure   Level
 Freeze                   Ice            32%        1d5       7%          1
 Dazzling Flash           Conj/Hex       16%        N/A       21%         3
 Frozen Ramparts          Ice            16%        1d3       21%         3
 Inner Flame              Hex/Fire       8%         N/A       21%         3
 Lesser Beckoning         Tloc           8%         N/A       21%         3
 Ozocubu's Armour         Ice            8%         N/A       21%         3
 Cause Fear               Hex            4%         N/A       54%         4
 Hailstorm                Conj/Ice       8%         3d4       54%         4
 Agony                    Necr           8%         N/A       88%         5
 Manifold Assault         Tloc           8%         N/A       88%         5
 Silence                  Hex/Air        4%         N/A       88%         5
 Ozocubu's Refrigeration  Ice            4%         4d8       100%        7
 Storm Form               Tmut/Air       4%         N/A       100%        7
 Discord                  Hex            4%         N/A       100%        8


Dungeon Overview and Level Annotations

Branches:
Dungeon (8/15)             Temple (1/1) D:4            Lair (0/5) D:8
  Sewer (visited)

Altars:
Ashenzari
Cheibriados
Dithmenos
Elyvilon
Fedhas
Gozag
Hepliaklqana
Kikubaaqudgha
Makhleb
Nemelex Xobeh
Okawaru
Qazlal
Ru
Sif Muna
Trog
Uskayaw
Vehumet
Wu Jian
Xom
Yredelemnul
Zin
The Shining One

Shops:
D:6 *


Innate Abilities, Weirdness & Mutations

You have very sharp teeth.
Your uncanny sense of smell can sniff out nearby items.
Your experience applies equally to all skills.


Message History

Okay, then.
The air fills with toxic fumes!
As you read the scroll labelled IZUOVI RAECZI, it crumbles to dust.
It was a scroll of poison.
The gargoyle hurls a stone arrow at you.
The stone arrow misses you.
You hit the gargoyle but do no damage. The gargoyle closely misses you.
You whack the gargoyle!
The gargoyle is moderately damaged.
The gargoyle misses you.
You whack the gargoyle!
The gargoyle is heavily damaged.
You barely miss the gargoyle.
The gargoyle is heavily damaged.
The gargoyle hits you with a +0 flail!
* * * LOW HITPOINT WARNING * * *
You feel better. The gargoyle misses you.
You hit the gargoyle but do no damage.
You bite the gargoyle, but do no damage.
The gargoyle is heavily damaged.
You block the gargoyle's attack.
You hit the gargoyle but do no damage.
You bite the gargoyle, but do no damage.
The gargoyle is heavily damaged.
The gargoyle hits you with a +0 flail!
* * * LOW HITPOINT WARNING * * *
You feel better. The gargoyle completely misses you.
You hit the gargoyle but do no damage.
You bite the gargoyle, but do no damage.
The gargoyle is heavily damaged.
The gargoyle hits you but does no damage.
You hit the gargoyle.
The gargoyle is severely damaged.
The gargoyle barely misses you.
You barely miss the gargoyle.
The gargoyle is severely damaged.
You hit the gargoyle but do no damage.
The gargoyle is severely damaged.
The gargoyle hits you with a +0 flail!!
You die...

#.#..........##.##.
#.#.###.###.<#.....
#.#.# #.# #........
##.#.###.#
##.#...#.
#####........#
#.##.##.
#.....##.#####
#.......
#.#########
####.###
#§#§§.#°○☼# #+#
#☼°§)§§@9°+
###.☼.#.§☼#
##○#######+##
#○..#:..#...#
#.(.'(..#...#
#...#(..#...#
##+#######+##


You could see a gargoyle.

Vanquished Creatures
  A centaur warrior (D:8)
  Joseph (D:8)
  2 cyclopes (D:8)
  5 yaks (D:5)
  A steam dragon (D:7)
  Edmund (D:6)
  A water moccasin (D:8)
  A black bear (D:5)
  A sky beast (D:4)
  2 ice beasts (D:7)
  2 ogres (D:3)
  2 centaurs
  3 phantoms
  4 bullfrogs
  A necrophage (D:5)
  2 scorpions
  10 wights (D:7)
  The ghost of ILmort the Shooter, a weakling DEHu (D:3)
  A crimson imp (D:6)
  2 hounds (D:5)
  A jelly (D:7)
  2 orc priests
  2 iguanas (D:6)
  2 orc wizards (D:5)
  19 adders
  8 river rats
  A shadow imp (D:5)
  A white imp (D:6)
  An ufetubus (D:4)
  3 worms
  17 orcs
  15 ball pythons
  6 endoplasms
  4 giant cockroaches
  2 goblins
  3 hobgoblins
  11 jackals
  7 kobolds
  5 quokkas
  12 bats
  3 frilled lizards
  5 rats
174 creatures vanquished.

Notes
Turn   | Place    | Note
-------+----------+-------------------------------------------
     0 | D:1      | Swippen the Gnoll Fighter began the quest for the Orb.
     0 | D:1      | Reached XP level 1. HP: 23/23 MP: 1/1
   152 | D:1      | Reached XP level 2. HP: 28/29 MP: 2/2
  1262 | D:2      | Reached XP level 3. HP: 34/35 MP: 3/3
  1342 | D:2      | Reached skill level 1 in Invocations
  1416 | D:2      | Found a faded altar of an unknown god.
  1749 | D:3      | Reached skill level 1 in Short Blades
  1749 | D:3      | Reached skill level 1 in Long Blades
  1749 | D:3      | Reached skill level 1 in Maces & Flails
  1749 | D:3      | Reached skill level 1 in Polearms
  1749 | D:3      | Reached skill level 1 in Staves
  1749 | D:3      | Reached skill level 1 in Ranged Weapons
  1749 | D:3      | Reached skill level 1 in Throwing
  1749 | D:3      | Reached skill level 1 in Dodging
  1749 | D:3      | Reached skill level 1 in Stealth
  1749 | D:3      | Reached skill level 1 in Unarmed Combat
  1749 | D:3      | Reached skill level 1 in Spellcasting
  1749 | D:3      | Reached skill level 1 in Evocations
  1838 | D:3      | Reached XP level 4. HP: 38/41 MP: 5/5
  1890 | D:3      | Reached skill level 1 in Conjurations
  1890 | D:3      | Reached skill level 1 in Hexes
  1890 | D:3      | Reached skill level 1 in Summonings
  1890 | D:3      | Reached skill level 1 in Necromancy
  1890 | D:3      | Reached skill level 1 in Translocations
  1890 | D:3      | Reached skill level 1 in Transmutations
  1890 | D:3      | Reached skill level 1 in Fire Magic
  1890 | D:3      | Reached skill level 1 in Ice Magic
  1890 | D:3      | Reached skill level 1 in Air Magic
  1890 | D:3      | Reached skill level 1 in Earth Magic
  1890 | D:3      | Reached skill level 1 in Poison Magic
  1928 | D:3      | Found a glowing silver altar of Zin.
  1974 | D:3      | Found a transporter.
  1975 | D:3      | Noticed ILmort's ghost (weakling DEHu)
  1975 | D:3      | Noticed an ogre
  1975 | D:3      | Identified the +8 giant club of Ihet {vorpal, rC+ Str+4
                  | Int+3}
  1975 | D:3      | Noticed an ogre
  1980 | D:3      | Found a transporter.
  2005 | D:3      | Found a glowing drain.
  2010 | D:3      | Reached XP level 5. HP: 47/47 MP: 7/7
  2037 | Sewer    | Entered a sewer
  2453 | Sewer    | Reached XP level 6. HP: 35/53 MP: 8/8
  2756 | Sewer    | Reached skill level 5 in Axes
  3525 | D:3      | Killed ILmort's ghost
  3788 | D:3      | Reached XP level 7. HP: 9/60 MP: 10/10
  4232 | D:4      | Learned a level 2 spell: Blink
  4382 | D:4      | Found an opulent altar of Gozag.
  4383 | D:4      | Found a hide-covered altar of Uskayaw.
  4386 | D:4      | Found a bloodstained altar of Trog.
  4770 | D:4      | Found a staircase to the Ecumenical Temple.
  4792 | Temple   | Entered the Ecumenical Temple
  4799 | Temple   | Became a worshipper of Warmaster Okawaru
  4899 | D:5      | Entered Level 5 of the Dungeon
  4929 | D:5      | Reached XP level 8. HP: 46/67 MP: 12/12
  5087 | D:5      | Identified the +6 leather armour "Qaugecek" {*Corrode rElec
                  | rN++ Will+}
  5336 | D:5      | Reached * piety under Okawaru
  5520 | D:5      | Noticed a yak
  5524 | D:5      | Noticed a yak
  5537 | D:5      | Noticed a yak
  5537 | D:5      | Noticed a yak
  5537 | D:5      | Noticed a yak
  5575 | D:5      | Killed a yak
  5586 | D:5      | Killed a yak
  5603 | D:5      | Killed a yak
  5604 | D:5      | Reached XP level 9. HP: 49/73 MP: 13/15
  5610 | D:5      | Reached ** piety under Okawaru
  6087 | D:6      | Noticed Edmund
  6104 | D:6      | Killed Edmund
  6386 | D:6      | Found a hazy altar of Hepliaklqana.
  6387 | D:6      | Found a shimmering altar of Xom.
  6388 | D:6      | Noticed a spectral ugly thing
  6618 | D:6      | Found Majairon's Assorted Antiques.
  6621 | D:6      | Bought a scroll labelled IZUOVI RAECZI for 25 gold pieces
  6621 | D:6      | Bought a pair of runed gloves for 187 gold pieces
  6621 | D:6      | Bought a scroll labelled BEFFYB SIOMOZ for 25 gold pieces
  6794 | D:6      | Reached skill level 5 in Invocations
  6978 | D:7      | Found a sparkling altar of Nemelex Xobeh.
  6979 | D:7      | Found a sacrificial altar of Ru.
  7006 | D:7      | Reached *** piety under Okawaru
  7539 | D:7      | Reached skill level 5 in Short Blades
  7539 | D:7      | Reached skill level 5 in Long Blades
  7539 | D:7      | Reached skill level 5 in Maces & Flails
  7539 | D:7      | Reached skill level 5 in Polearms
  7539 | D:7      | Reached skill level 5 in Staves
  7539 | D:7      | Reached skill level 5 in Ranged Weapons
  7539 | D:7      | Reached skill level 5 in Throwing
  7539 | D:7      | Reached skill level 5 in Dodging
  7539 | D:7      | Reached skill level 5 in Stealth
  7539 | D:7      | Reached skill level 5 in Unarmed Combat
  7539 | D:7      | Reached skill level 5 in Spellcasting
  7539 | D:7      | Reached skill level 5 in Evocations
  7539 | D:7      | Reached XP level 10. HP: 57/79 MP: 17/17
  8280 | D:8      | Found a staircase to the Lair.
  8621 | D:8      | Noticed Joseph
  8682 | D:8      | Killed Joseph
  8949 | D:8      | Noticed a centaur warrior
  8966 | D:8      | Killed a centaur warrior
  9139 | D:8      | Noticed a cyclops
  9162 | D:8      | Killed a cyclops
  9162 | D:8      | Reached **** piety under Okawaru
  9197 | D:8      | Noticed a cyclops
  9215 | D:8      | Killed a cyclops
  9493 | D:8      | Noticed a gargoyle
  9520 | D:8      | Slain by a gargoyle

Illustrated notes

Levels and vault maps discovered:
D:1:      kilobyte_arrival_exit_the_forest, layout_basic,
          dreamdust_princess_corridor
D:2:      layout_rooms, shapermc_ecumenical_altar_mp_vishouse
D:3:      layout_rooms, zin_treasury, portal_sewer_entry_b,
          gammafunk_ghost_smash
D:4:      layout_rooms, chequers_temple_overflow_statue_of_worship, temple_hall,
          minmay_quantized
D:5:      layout_rooms
D:6:      layout_loops_cross, regret_index_temple_of_mockery, serial_shops,
          nicolae_shop_behind_doors, minmay_fire_ice_demons, uniq_edmund
D:7:      layout_loops_cross, mainiacjoe_overflow_catwalk_spiral,
          minmay_misc_feat_nine_boxes
D:8:      layout_loops_corners, dpeg_oklobed_lair, minmay_evil_grid, uniq_joseph
Temple:   eino_temple_lava

Skill      XL: |  1  2  3  4  5  6  7  8  9 10 |
---------------+-------------------------------+-----
Invocations    | 1 2 3 4 5 6 |  6.2
Short Blades   | 1 2 3 4 5 |  5.7
Long Blades    | 1 2 3 4 5 |  5.7
Maces & Flails | 1 2 3 4 5 |  5.7
Polearms       | 1 2 3 4 5 |  5.7
Staves         | 1 2 3 4 5 |  5.7
Ranged Weapons | 1 2 3 4 5 |  5.7
Throwing       | 1 2 3 4 5 |  5.7
Dodging        | 1 2 3 4 5 |  5.7
Stealth        | 1 2 3 4 5 |  5.7
Unarmed Combat | 1 2 3 4 5 |  5.7
Spellcasting   | 1 2 3 4 5 |  5.7
Evocations     | 1 2 3 4 5 |  5.7
Conjurations   | 1 2 3 4 |  4.7
Hexes          | 1 2 3 4 |  4.7
Summonings     | 1 2 3 4 |  4.7
Necromancy     | 1 2 3 4 |  4.7
Translocations | 1 2 3 4 |  4.7
Transmutations | 1 2 3 4 |  4.7
Fire Magic     | 1 2 3 4 |  4.7
Ice Magic      | 1 2 3 4 |  4.7
Air Magic      | 1 2 3 4 |  4.7
Earth Magic    | 1 2 3 4 |  4.7
Poison Magic   | 1 2 3 4 |  4.7
Axes           | 5 6 7 |  7.4
Fighting       | 7 8 |  8.8
Armour         | 7 8 |  8.8
Shields        | 7 8 |  8.8

Action                   |  1- 3 |  4- 6 |  7- 9 | 10-12 || total
-------------------------+-------+-------+-------+-------++-------
Melee: War axe           |    88 |       |       |       ||    88
       Bite              |    10 |    14 |    49 |    14 ||    87
       Whip              |     4 |   191 |   396 |    81 ||   672
Throw: Dart              |       |       |       |    15 ||    15
Invok: Heroism           |       |       |     1 |       ||     1
  Use: Potion            |       |     1 |     1 |     4 ||     6
       Scroll            |       |       |     8 |     3 ||    11
 Stab: Sleeping          |       |       |     3 |     3 ||     6
Armor: Scale mail        |    47 |   154 |       |       ||   201
       Ring mail         |       |     5 |   134 |    27 ||   166
Dodge: Dodged            |    43 |   138 |   163 |    40 ||   384
Block: Buckler           |    23 |    77 |    98 |    25 ||   223
